 Dungeon Crawl Stone Soup version 0.19.5 (webtiles) character file.

567 bobbobbob the Caller (level 7, -9/47 HPs)
             Began as a Vampire Summoner on May 8, 2017.
             Was a Follower of Qazlal.
             Shot with an arrow by a centaur (12 damage)
             ... on level 6 of the Dungeon on May 11, 2017.
             The game lasted 00:38:47 (5311 turns).

bobbobbob the Caller (Vampire Summoner)             Turns: 5311, Time: 00:38:47

Health: -9/47      AC:  2    Str:  7    XL:     7   Next: 11%
Magic:  3/14       EV: 13    Int: 19    God:    Qazlal [*.....]
Gold:   150        SH:  2    Dex: 15    Spells: 2 memorised, 13 levels left

rFire  + . .     SeeInvis +     (no weapon)
rCold  . . .     Gourm    .     a - +0 robe
rNeg   + . .     Faith    .     (no shield)
rPois  .         Spirit   .     (no helmet)
rElec  .         Reflect  .     (no cloak)
rCorr  .         Harm     .     (no gloves)
MR     .....                    (no boots)
Stlth  ++........               (no amulet)
                                s - +1 ring of slaying
                                k - ring of protection from fire

@: no status effects
A: fangs 3, see invisible, unbreathing
a: Bat Form, Renounce Religion


You were on level 6 of the Dungeon.
You worshipped Qazlal.
Qazlal was aware of your devotion.
You were not thirsty.

You visited 1 branch of the dungeon, and saw 6 of its levels.

You collected 150 gold pieces.

Inventory:

Hand Weapons
 i - a +0 dagger
Armour
 a - a +0 robe (worn)
Jewellery
 k - a ring of protection from fire (left hand)
 s - a +1 ring of slaying (right hand)
Scrolls
 d - 2 scrolls of fog {unknown}
 f - 4 scrolls of noise
 h - 2 scrolls of identify
 j - 2 scrolls of teleportation {unknown}
 l - 4 scrolls of remove curse {unknown}
 o - a scroll of enchant weapon {unknown}
 p - a scroll of blinking {unknown}
 u - a scroll of torment {unknown}
Potions
 c - 5 potions of blood
 e - a potion of might {unknown}
 g - a potion of flight
 m - a potion of heal wounds {unknown}
 q - a potion of beneficial mutation {unknown}
 r - a potion of mutation {unknown}
Books
 b - a book of Callings

   Spells                             Type                      Level
   a - Summon Small Mammal            Summoning                    1
   b - Call Imp                       Summoning                    2
   c - Call Canine Familiar           Summoning                    3
   d - Summon Guardian Golem          Hexes/Summoning              3
   e - Summon Lightning Spire         Summoning/Air                4
   f - Summon Ice Beast               Ice/Summoning                4


   Skills:
 + Level 0.3 Fighting
 + Level 2.5 Dodging
 + Level 3.9 Stealth
 + Level 5.0 Spellcasting
 + Level 6.5 Summonings


You had 13 spell levels left.
You knew the following spells:

 Your Spells              Type           Power        Failure   Level  Hunger
a - Summon Small Mammal   Summ           ####         1%          1    None
b - Call Imp              Summ           ####....     1%          2    #......


Dungeon Overview and Level Annotations

Branches:
Dungeon (6/15)
 Temple: D:4-7

Altars:
Qazlal
Trog

Shops:
D:5 :


Innate Abilities, Weirdness & Mutations

You have razor-sharp teeth.
You have supernaturally acute eyesight. (SInv)
You can survive without breathing.


Message History

Your white imp gestures at the centaur.
The puff of frost hits the centaur.
The centaur shoots an arrow.
The arrow hits your white imp!
Your white imp dies!
Your crimson imp blinks!
The centaur shoots an arrow.
The arrow closely misses your white imp.
The arrow hits you!
* * * LOW HITPOINT WARNING * * *
You see here an arrow.
Casting: Call Imp
Confirm with . or Enter, or press ? or * to list all spells.
A beastly little devil appears in a puff of frigid air.
The centaur shoots an arrow.
The arrow completely misses your white imp.
The arrow hits you!
* * * LOW HITPOINT WARNING * * *
The centaur shoots an arrow.
The arrow barely misses your white imp. The arrow hits you!
You die...

............#
.........5...#
...........).###
..c...(.........
.............####
....5...........#
.....§(<........
####.§..........
##.@..§......
###.5......o
##........
#........
.........
.........
.#......# #...##


You could see a centaur, a friendly crimson imp and 2 friendly white imps.

Vanquished Creatures
  The ghost of mcbry the Chucker, an amateur MfHu of Qazlal (D:4)
1 creature vanquished.

Vanquished Creatures (collateral kills)
  An ice beast (D:5)
  An orc warrior (D:5)
  An ogre (D:5)
  A centaur (D:5)
  A big kobold (D:5)
  A jelly (D:6)
  A centaur skeleton (D:4)
  2 orc priests (D:3)
  2 iguanas
  An orc wizard (D:5)
  2 worker ants (D:5)
  A worker ant zombie (D:5)
  A gnoll (D:1)
  5 adders
  An ooze (D:1)
  An adder skeleton (D:5)
  4 dart slugs
  2 leopard geckos (D:3)
  11 orcs
  A ball python (D:4)
  9 giant cockroaches
  7 goblins
  6 hobgoblins
  5 kobolds
  3 quokkas
  11 bats
  A jackal zombie (D:5)
  A quokka zombie (D:5)
  2 rats
86 creatures vanquished.

Grand Total: 87 creatures vanquished

Notes
Turn   | Place    | Note
-------+----------+-------------------------------------------
     0 | D:1      | bobbobbob the Vampire Summoner began the quest for the Orb.
     0 | D:1      | Reached XP level 1. HP: 13/13 MP: 3/3
   546 | D:1      | Reached XP level 2. HP: 19/19 MP: 0/5
  1400 | D:2      | Noticed an air elemental
  1402 | D:2      | Found a stormy altar of Qazlal.
  1406 | D:2      | Noticed a water elemental
  1406 | D:2      | Noticed a fire elemental
  1406 | D:2      | Noticed an earth elemental
  1430 | D:2      | Reached XP level 3. HP: 23/24 MP: 3/6
  1453 | D:2      | Became a worshipper of Qazlal Stormbringer
  2490 | D:3      | Reached * piety under Qazlal
  2511 | D:3      | Reached skill level 5 in Summonings
  2511 | D:3      | Reached XP level 4. HP: 13/30 MP: 2/8
  2889 | D:3      | Found a bloodstained altar of Trog.
  3140 | D:4      | Learned a level 2 spell: Call Imp
  3340 | D:4      | Noticed mcbry's ghost (amateur MfHu)
  3404 | D:4      | Killed mcbry's ghost
  3404 | D:4      | Reached XP level 5. HP: 29/36 MP: 1/11
  3659 | D:5      | Entered Level 5 of the Dungeon
  3708 | D:5      | Reached XP level 6. HP: 42/42 MP: 5/12
  3864 | D:5      | Noticed an ice beast
  3889 | D:5      | Killed an ice beast
  4001 | D:5      | Noticed an orc warrior
  4144 | D:5      | Reached skill level 6 in Summonings
  4335 | D:5      | Killed an orc warrior
  5031 | D:5      | Reached ** piety under Qazlal
  5110 | D:5      | Reached skill level 5 in Spellcasting
  5110 | D:5      | Reached XP level 7. HP: 36/47 MP: 7/14
  5157 | D:5      | Found Iceu's Book Shoppe.
  5311 | D:6      | Shot with an arrow by a centaur

Skill      XL: |  1  2  3  4  5  6 |
---------------+-------------------+-----
Summonings     | 5 6 |  6.5
Spellcasting   | 4 5 |  5.0
Fighting       | |  0.3
Dodging        | |  2.5
Stealth        | |  3.9

Action                   |  1- 3 |  4- 6 |  7- 9 || total
-------------------------+-------+-------+-------++-------
Melee: Unarmed           |       |     1 |       ||     1
 Cast: Summon Small Mamm |    98 |    28 |       ||   126
       Call Imp          |       |    75 |     6 ||    81
Invok: Upheaval          |       |     1 |       ||     1
  Use: Potion            |    10 |    15 |       ||    25
       Scroll            |       |     4 |       ||     4
Armor: Robe              |    25 |     8 |       ||    33
Dodge: Dodged            |    65 |    51 |       ||   116
Block: Other             |       |     9 |       ||     9
